 Dungeon Crawl Stone Soup version 0.29.1-1-gd02db69 (webtiles) character file.

Game seed: 8581833561250276098

79 RaoulCrankyPants the Trooper (level 4, -1/40 HPs)
             Began as a Draconian Berserker on Apr 13, 2023.
             Was a Believer of Trog.
             Slain by a gnoll
             ... wielding a +0 halberd
              (6 damage)
             ... on level 3 of the Dungeon on Apr 14, 2023.
             The game lasted 00:43:37 (1772 turns).

RaoulCrankyPants the Trooper (Draconian Berserker)  Turns: 1772, Time: 00:43:38

Health: -1/40      AC:  8    Str: 19    XL:     4   Next: 17%
Magic:  4/4        EV: 12    Int:  8    God:    Trog [**....]
Gold:   166        SH:  0    Dex: 12    Spells: 3/3 levels left

rFire   . . .      SeeInvis .   l - +0 long sword
rCold   . . .      Faith    .   (no shield)
rNeg    . . .      Spirit   .   (body armour unavailable)
rPois   .          Reflect  .   (helmet restricted)
rElec   .          Harm     .   w - +2 cloak
rCorr   .          Rampage  .   (no gloves)
Will    .....                   (no boots)
Stlth   +.........              d - amulet of magic regeneration
HPRegen 0.13/turn               (no ring)
MPRegen 0.49/turn               (no ring)

@: no status effects
A: AC +5, unfitting armour, cold-blooded
a: Renounce Religion, Berserk, Trog's Hand


You were on level 3 of the Dungeon.
You worshipped Trog.
Trog was pleased with you.
You visited 1 branch of the dungeon, and saw 3 of its levels.

You collected 166 gold pieces.

Inventory:

Hand Weapons
 a - a +0 mace
 f - a +0 club
 g - a +0 club
 h - a +0 dagger
 i - a +0 whip
 k - a +0 club
 l - a +0 long sword (weapon)
 m - a +0 flail
 n - a +0 club
 p - a +0 whip
 q - a +0 sling
 s - a +0 dagger
Missiles
 c - 25 stones (quivered)
 e - 6 poisoned darts
 u - a throwing net
Armour
 b - a +0 ring mail
 j - a +0 ring mail
 o - a +0 leather armour
 v - a +0 scale mail
 w - a +2 cloak (worn)
Jewellery
 d - an amulet of magic regeneration (around neck)
Wands
 y - a wand of iceblast (11)
Scrolls
 t - a scroll of immolation
 x - a scroll of poison {unknown}
Potions
 r - a potion of lignification


   Skills:
 + Level 4.0 Fighting
 + Level 1.7 Long Blades
 + Level 3.5 Maces & Flails
 + Level 3.1 Dodging
 + Level 0.4 Stealth


You had 3 spell levels left.
You didn't know any spells.
Your spell library was empty.

Dungeon Overview and Level Annotations

Branches:
Dungeon (3/15)

Altars:


Innate Abilities, Weirdness & Mutations

Your plain brown scales are hard. (AC +5)
You cannot fit into any form of body armour.
You are cold-blooded and may be slowed by cold attacks.


Message History

A gnoll comes into view. It is wielding a +0 halberd.
Things that are here:
a +0 whip; a +0 flail
m - a +0 flail;
p - a +0 whip The gnoll shouts!
The gnoll throws a throwing net.
The throwing net completely misses you.
You see here a throwing net.
u - a throwing net A rat comes into view.
The gnoll completely misses you.
You completely miss the gnoll. The gnoll hits you with a +0 flail. x2
The gnoll misses you.
You hit the gnoll but do no damage.
You tail-slap the gnoll, but do no damage.
The gnoll hits you but does no damage. The gnoll barely misses you.
You hit the gnoll.
The gnoll is heavily wounded.
The gnoll closely misses you. The gnoll hits you but does no damage.
The gnoll attacks as you move away! The gnoll closely misses you.
You hit the gnoll.
The gnoll is almost dead.
The gnoll completely misses you. The gnoll hits you with a +0 flail.
You hit the gnoll.
You kill the gnoll!
Trog accepts your kill. The gnoll misses you. The gnoll closely misses you.
The gnoll hits you with a +0 halberd.
Things that are here:
a +0 flail; a gnoll corpse You hit the gnoll.
Your punch misses the gnoll.
The gnoll is moderately wounded.
The gnoll barely misses you.
You hit the gnoll.
The gnoll is heavily wounded.
The gnoll hits you with a +0 halberd!
* * * LOW HITPOINT WARNING * * *
You hit the gnoll.
The gnoll is heavily wounded.
The gnoll hits you with a +0 halberd.
You die...

,*#.#####.#####..##.# **,,,,
,,..................# *****
,*#.############...## **** *
,,,,,..........†##.# **,,* *
,,,,,...........#*.# *****,,****
,,,,,...........#*.# *,,,,,,,,,,
,,,,,...........#*.##**,****,,,,,
,**,*#.........g##..##..#***,,,,,
,,,,,...........@........,,,,,,,,
,,,,,.....#########.#####******,*
,,,,,.....,,,,,,,,,># *,,
***,,#g##,*********** *,*
*,,#,,,,,,,,,,,,* *******,*
***,,*,,,,,,,,,,,,* *,,,,**,*
,,<,,,,,,,,,,,,,,,* *,,,,,,<,
****,*,,,,,,,,,,,,* *,,,,,,,,
****,*,*,,,,,,,,,,*******,,,,,,,,


You could see a gnoll.

Vanquished Creatures
  3 gnolls (D:3)
  2 adders
  A dart slug (D:3)
  4 endoplasms
  2 giant cockroaches (D:2)
  2 hobgoblins (D:1)
  2 kobolds
  A quokka (D:2)
  4 ball pythons
  3 bats
  5 frilled lizards
  4 goblins
  2 rats (D:3)
35 creatures vanquished.

Notes
Turn   | Place    | Note
-------+----------+-------------------------------------------
     0 | D:1      | RaoulCrankyPants the Draconian Berserker began the quest
                  | for the Orb.
     0 | D:1      | Reached XP level 1. HP: 19/19 MP: 1/1
   624 | D:1      | Reached XP level 2. HP: 26/26 MP: 2/2
   836 | D:1      | Found a faded altar of an unknown god.
   837 | D:1      | You fall into a shaft and drop 1 floor!
  1578 | D:2      | Reached XP level 3. HP: 33/33 MP: 3/3
  1681 | D:3      | Reached ** piety under Trog
  1711 | D:3      | Reached skill level 1 in Long Blades
  1751 | D:3      | Reached skill level 4 in Fighting
  1754 | D:3      | Reached XP level 4. HP: 27/40 MP: 4/4
  1772 | D:3      | Slain by a gnoll

Illustrated notes

Levels and vault maps discovered:
D:1:      matt_arrival_spirals, layout_basic, ebering_ecumenical_altar_webs,
          chequers_serial_rivers_room_b
D:2:      layout_basic
D:3:      layout_basic, serial_shops, shop, pf_guarded_unrand_woodcutter,
          uniq_sigmund

Skill      XL: |  1  2  3 |
---------------+----------+-----
Dodging        | 3 |  3.1
Long Blades    | 1 |  1.7
Fighting       | 4 |  4.0
Maces & Flails | |  3.5
Stealth        | |  0.4

Action                   |  1- 3 |  4- 6 || total
-------------------------+-------+-------++-------
Melee: Mace              |    33 |       ||    33
       Tailslap          |    10 |     1 ||    11
       Long sword        |    59 |    10 ||    69
       Punch             |     1 |       ||     1
  Use: Potion            |     9 |       ||     9
       Scroll            |     5 |       ||     5
 Stab: Sleeping          |     2 |       ||     2
Armor: Skin              |    44 |     4 ||    48
Dodge: Dodged            |    59 |    10 ||    69
